 Dungeon Crawl Stone Soup version 0.31-a0-960-g0fca184906 (webtiles) character file.

Game seed: 8173245743501357394

18 BinkBink the Covered (level 2, 0/26 HPs)
             Began as an Armataur Fighter on Oct 23, 2023.
             Succumbed to an adder's poison
             ... on level 2 of the Dungeon.
             The game lasted 00:00:46 (406 turns).

BinkBink the Covered (Armataur Fighter)              Turns: 406, Time: 00:00:46

Health: 0/26       AC:  8    Str: 21    XL:     2   Next: 51%
Magic:  2/2        EV:  7    Int:  8    God:
Gold:   36         SH:  4    Dex:  9    Spells: 1/1 levels left

rFire   . . .        a - +0 war axe
rCold   . . .        c - +0 buckler
rNeg    . . .        b - +0 scale mail
rPois   .            (no helmet)
rElec   .            f - +0 cloak
rCorr   .            (no gloves)
SInv    .            (no barding)
Will    .....        (no amulet) Stlth
                     (no ring)
HPRegen 0.24/turn    (no ring)
MPRegen 0.08/turn

%: roll
@: mighty, lethally poisoned (0 -> -2), slowed, very slow
A: large, rugged brown scales 3, deformed body, armoured tail, roll, long
tongue, awkward tongue
a: no special abilities


You were on level 2 of the Dungeon.
You visited 1 branch of the dungeon, and saw 2 of its levels.

You collected 36 gold pieces.

Inventory:

Hand Weapons
 a - a +0 war axe (weapon)
Armour
 b - a +0 scale mail (worn)
 c - a +0 buckler (worn)
 f - a +0 cloak (worn)
Scrolls
 e - a scroll of vulnerability {unknown}
 g - a scroll of brand weapon {unknown}
 h - a scroll of amnesia {unknown}
 i - a scroll of enchant weapon {unknown}


   Skills:
 + Level 2.9 Fighting
 * Level 2.0 Axes
 + Level 3.9 Armour
 + Level 3.5 Shields


You had one spell level left.
You didn't know any spells.
Your spell library contained the following spells:

 Spells                   Type           Power      Damage    Failure   Level
 Tukima's Dance           Hex            0%         N/A       99%         3
 Dimensional Bullseye     Hex/Tloc       0%         N/A       100%        4
 Iskenderun's Mystic Bla  Conj/Tloc      0%         2d3       100%        4


Dungeon Overview and Level Annotations

Branches:
Dungeon (1/15)

Altars:

Annotations:
D:2 Jessica


Innate Abilities, Weirdness & Mutations

You are completely covered in rugged brown scales. (AC +3, +7% HP)
Armour fits poorly on your strangely shaped body.
You have a long armoured tail.
You roll when moving toward enemies. (Rampage)
Your long tongue fully drains potion bottles. (2x potion effects)
Your tongue gives you trouble enunciating. (1.5x scroll delay)


Message History

You closely miss the adder. You closely miss the frilled lizard.
You block the adder's attack.
Jessica hits you with a +2 dagger of freezing.
Jessica freezes you.
The frilled lizard completely misses you.
The adder bites you but does no damage.
Jessica hits you with a +2 dagger of freezing.
Jessica freezes you.
* * * LOW HITPOINT WARNING * * *
The frilled lizard bites you but does no damage.
The adder bites you but does no damage.
You barely miss Jessica.
Jessica is heavily wounded.
You closely miss the adder. You slash the frilled lizard!
You kill the frilled lizard!
The adder bites you but does no damage.
Jessica mumbles some strange words.
Jessica blinks!
The adder closely misses you. The adder bites you.
* * * LOW HITPOINT WARNING * * *
You are poisoned.
The adder poisons you! The adder barely misses you.
Jessica gestures wildly.
An adder and a rat come into view.
* * * LOW HITPOINT WARNING * * *
You feel sick.
The adder hisses angrily.
The adder bites you but does no damage.
Jessica points at you and mumbles some strange words.
You resist with some effort.
You feel very mighty all of a sudden.
You slurp down every last drop of the potion of might!
* * * LOW HITPOINT WARNING * * *
You feel sick. The adder bites you but does no damage.
Jessica gestures at you while chanting.
You feel as though you will be slow longer.
The adder bites you.
* * * LOW HITPOINT WARNING * * *
You roll towards the rat!
Found an orange potion.
You die...

# .# # ..
##.######## .#
..........####.##.#.
............@r....!.
......@..S####S...#.
..........## .#.#
####.#.....#### # #
#.###....#.#..# ...
####......# .....
##..#.... ...... .##
## ...... ##


You could see 2 adders, Jessica and a rat.

Vanquished Creatures
  3 dart slugs (D:1)
  2 ball pythons (D:1)
  An endoplasm (D:1)
  A giant cockroach (D:1)
  A goblin (D:1)
  A quokka (D:1)
  3 frilled lizards
  A rat (D:1)
13 creatures vanquished.

Notes
Turn   | Place    | Note
-------+----------+-------------------------------------------
     0 | D:1      | BinkBink the Armataur Fighter began the quest for the Orb.
     0 | D:1      | Reached XP level 1. HP: 19/19 MP: 1/1
   178 | D:1      | Reached XP level 2. HP: 24/26 MP: 2/2
   388 | D:1      | You fall into a shaft and drop 1 floor!
   389 | D:2      | Noticed Jessica
   405 | D:2      | HP: 1/26 [adder (2)]
   406 | D:2      | Succumbed to an adder's poison

Illustrated notes

Levels and vault maps discovered:
D:1:      amcnicky_arrival_underground_garden, layout_basic
D:2:      layout_rooms, kennysheep_generic_room_11, uniq_jessica,
          uniq_crazy_yiuf_cottage

Skill      XL: |  1  2 |
---------------+-------+-----
Axes           | 2 |  2.0
Fighting       | |  2.9
Armour         | |  3.9
Shields        | |  3.5

Action                     || total
---------------------------++-------
  Melee: War axe           ||    33
         Tailslap          ||     3
    Use: Potion            ||     1
 Armour: Scale mail        ||    37
  Dodge: Dodged            ||    11
  Block: Buckler           ||    10

Table legend: (Time is in decaauts)
 A = Elapsed time spent in this place.
 B = Non-inter-level travel time spent in this place.
 C = Inter-level travel time spent in this place.
 D = Time resting spent in this place.
 E = Time spent auto-exploring this place.
 F = Levels seen in this place.
 G = Mean time per level.
                   A        B        C        D        E       F      G
               +--------+--------+--------+--------+--------+-----+--------+
         Total |    424 |    424 |      0 |      0 |    318 |   2 |  212.0 |
       Dungeon |    424 |    424 |      0 |      0 |    318 |   2 |  212.0 |
               +--------+--------+--------+--------+--------+-----+--------+

Top non-repeatable levels by time:
     D:1: 398 daAuts
     D:2: 25 daAuts
